 Dungeon Sprint DCSS version 0.30.1-9-gdf580d7c3d (webtiles) character file.

Game seed: 9522082634656167835

6109 Heoruswealwe the Impaler (level 10, 0/159 HPs)
             Began as a Minotaur Fighter on Sept 27, 2023.
             Was an Initiate of Gozag.
             Succumbed to a cane toad's poison
             ... in the Dungeon (Sprint IX: "|||||||||||||||||||||||||||||").
             The game lasted 00:09:49 (1008 turns).

Heoruswealwe the Impaler (Minotaur Fighter)         Turns: 1008, Time: 00:09:49

Health: 0/159      AC: 27    Str: 26    XL:     10   Next: 58%
Magic:  9/9        EV:  2    Int:  5    God:    Gozag
Gold:   1710       SH:  0    Dex:  9    Spells: 9/9 levels left

rFire   + . .        b - +2 halberd (holy)
rCold   + . .        (shield currently unavailable)
rNeg    . . .        c - melded +3 scale mail {rC+}
rPois   +            (helmet currently unavailable)
rElec   +            (cloak currently unavailable)
rCorr   +            (gloves currently unavailable)
SInv    .            e - melded +0 pair of boots
Will    .....        (no amulet)
Stlth   +            k - +2 ring of protection
HPRegen 0.46/turn    (no ring)
MPRegen 0.11/turn

%: no teleportation
@: lethally poisoned (0 -> -42), tree-form, resistant, gold aura
A: stationary, stasis, torment immunity, boosted hp, (horns 2), (retaliatory
headbutt)
a: Renounce Religion, Potion Petition, Call Merchant, Bribe Branch


You were in the Dungeon.
You worshipped Gozag.
Gozag was most pleased with you.
You were a tree.
You visited 1 branch You collected 1710 gold pieces.

Inventory:

Hand Weapons
 a - a +0 trident
 b - a +2 halberd of holy wrath (weapon)
 o - a +0 glaive
Armour
 c - a +3 scale mail of cold resistance (melded)
 d - a +0 buckler
 e - a +0 pair of boots (melded)
Jewellery
 k - a +2 ring of protection (left branch)
Wands
 h - a wand of roots (10)
Scrolls
 j - 2 scrolls of blinking
 q - 6 scrolls of enchant armour
Potions
 g - 2 potions of haste
 i - a potion of berserk rage
 m - a potion of might
 p - a potion of resistance


   Skills:
 + Level 15.6 Fighting
 * Level 20.9 Polearms
 + Level 15.6 Armour
 - Level 3.6 Shields


You had 9 spell levels left.
You didn't know any spells.
Your spell library contained the following spells:

 Spells                   Type           Power      Damage    Failure   Level
 Beastly Appendage        Tmut           0%         N/A       47%         1
 Wereblood                Tmut           0%         N/A       63%         2
 Spider Form              Tmut/Pois      0%         N/A       85%         3


Dungeon Overview and Level Annotations

Branches:
Dungeon (1/1)

Altars:
Cheibriados
Dithmenos
Elyvilon
Fedhas
Gozag
Hepliaklqana
Kikubaaqudgha
Makhleb
Nemelex Xobeh
Okawaru
Qazlal
Ru
Sif Muna
Trog
Uskayaw
Vehumet
Wu Jian
Xom
Yredelemnul
Zin
The Shining One
Jiyva
Lugonu


Innate Abilities, Weirdness & Mutations

You are a tree.
Your roots penetrate the ground, keeping you stationary.
You cannot be teleported.
You are immune to unholy pain and torment.
Your maximum health is greatly increased.
Your equipment is partially melded.
((You have a pair of horns on your head.))
((You reflexively headbutt those who attack you in melee.))


Message History

Okay, then.
You feel protected.
You feel very sick. The cane toad barely misses you. You furiously retaliate!
You headbutt the cane toad, but do no damage.
You closely miss the cane toad.
The cane toad is lightly wounded.
You feel very sick.
The cane toad stings you but does no damage.
You slash the cane toad!
The cane toad is heavily wounded.
You feel sick.
The cane toad is no longer distracted by gold.
The cane toad stings you.
You barely miss the cane toad. You headbutt the cane toad.
The cane toad is heavily wounded.
You feel sick. The cane toad stings you!
You barely miss the cane toad.
The cane toad is heavily wounded.
You feel sick. The cane toad stings you!
* * * LOW HITPOINT WARNING * * *
You are lethally poisoned!
The cane toad poisons you!
It was a potion of lignification.
You turn into a tree.
Your +0 pair of boots melds into your body.
Your +3 scale mail of cold resistance melds into your body.
You feel less resistant to cold.
Your roots penetrate the ground.
* * * LOW HITPOINT WARNING * * *
You feel extremely sick. The cane toad stings you!
* * * LOW HITPOINT WARNING * * *
You are more poisoned.
The cane toad poisons you!
You slice the cane toad!!
You kill the cane toad!
* * * LOW HITPOINT WARNING * * *
You feel extremely sick.
You completely miss the cane toad.
You die...
Your body crumbles into a pile of gold.

$
▓.▓.▓_▓
$
▓'▓[▓_▓
$
▓.▓.▓_▓
$
▓.▓.▓_▓
$
▓.▓.▓_▓
$
▓.▓.▓_▓
$
▓.▓.▓_▓
▓$▓(▓_▓
$
▓♣▓.▓_▓
$
▓F▓.▓_▓
$
▓F▓.▓_▓
$
▓$▓.▓_▓
$
▓.▓.▓_▓
$
▓.▓.▓_▓
$
▓.▓.▓_▓
$
▓.▓.▓_▓
$
▓F▓.▓_▓


You could see 2 cane toads.

Vanquished Creatures
  Harold (D)
  A catoblepas (D)
  A cyclops (D)
  A black mamba (D)
  5 cane toads (D)
  A kobold demonologist (D)
  A komodo dragon (D)
  2 trolls (D)
  2 blink frogs (D)
  A slime creature (D)
  A wraith (D)
  2 wyverns (D)
  A yak (D)
  A vampire mosquito (D)
  3 water moccasins (D)
  An ice beast (D)
  A centaur (D)
  A bullfrog (D)
  A killer bee (D)
  An iguana (D)
  2 orc wizards (D)
  An adder (D)
  A dart slug (D)
  A ball python (D)
  A goblin (D)
  4 quokkas (D)
39 creatures vanquished.

Notes
Turn   | Place    | Note
-------+----------+-------------------------------------------
     0 | D        | Heoruswealwe the Minotaur Fighter began the quest for the
                  | Orb.
     0 | D        | Reached XP level 1. HP: 19/19 MP: 0/0
     6 | D        | Reached skill level 3 in Polearms
    15 | D        | Reached skill level 4 in Polearms
    15 | D        | Reached XP level 2. HP: 28/28 MP: 1/1
    21 | D        | Noticed an ice beast
    27 | D        | Reached skill level 5 in Polearms
    34 | D        | Reached skill level 5 in Fighting
    34 | D        | Reached skill level 6 in Polearms
    34 | D        | Reached skill level 5 in Armour
    34 | D        | Reached XP level 3. HP: 33/36 MP: 2/2
    47 | D        | Killed an ice beast
    48 | D        | Reached skill level 8 in Polearms
    48 | D        | Reached XP level 4. HP: 15/47 MP: 3/3
    48 | D        | Reached XP level 5. HP: 17/52 MP: 4/4
    54 | D        | Found a snail-covered altar of Cheibriados.
    54 | D        | Found a shadowy altar of Dithmenos.
    54 | D        | Found a white marble altar of Elyvilon.
    54 | D        | Found a blossoming altar of Fedhas.
    54 | D        | Found an opulent altar of Gozag.
    55 | D        | Found a hazy altar of Hepliaklqana.
    56 | D        | Found a viscous altar of Jiyva.
    57 | D        | Found an ancient bone altar of Kikubaaqudgha.
    58 | D        | Found a corrupted altar of Lugonu.
    59 | D        | Found a burning altar of Makhleb.
    60 | D        | Found a sparkling altar of Nemelex Xobeh.
    61 | D        | Found an iron altar of Okawaru.
    62 | D        | Became a worshipper of Gozag Ym Sagoz the Greedy
    63 | D        | Found a stormy altar of Qazlal.
    64 | D        | Found a sacrificial altar of Ru.
    65 | D        | Found a shimmering blue altar of Sif Muna.
    66 | D        | Found a bloodstained altar of Trog.
    67 | D        | Found a hide-covered altar of Uskayaw.
    68 | D        | Found a radiant altar of Vehumet.
    69 | D        | Found an ornate altar of the Wu Jian Council.
    70 | D        | Found a shimmering altar of Xom.
    71 | D        | Found a basalt altar of Yredelemnul.
    72 | D        | Found a glowing silver altar of Zin.
    73 | D        | Found a glowing golden altar of the Shining One.
   172 | D        | Noticed a centaur
   172 | D        | Noticed a yak
   172 | D        | Noticed a wraith
   172 | D        | Noticed a troll
   175 | D        | Killed a centaur
   176 | D        | Reached skill level 10 in Polearms
   181 | D        | Killed a yak
   182 | D        | Reached skill level 11 in Polearms
   182 | D        | Reached XP level 6. HP: 55/63 MP: 5/5
   185 | D        | Killed a wraith
   186 | D        | Reached skill level 12 in Polearms
   186 | D        | Reached XP level 7. HP: 63/71 MP: 6/6
   194 | D        | Reached skill level 10 in Fighting
   194 | D        | Reached skill level 13 in Polearms
   194 | D        | Reached skill level 10 in Armour
   206 | D        | Killed a troll
   207 | D        | Reached skill level 14 in Polearms
   342 | D        | Noticed a cyclops
   342 | D        | Noticed a vampire mosquito
   342 | D        | Noticed a slime creature
   342 | D        | Noticed a troll
   342 | D        | Noticed a kobold demonologist
   346 | D        | Killed a cyclops
   347 | D        | Reached skill level 15 in Polearms
   347 | D        | Reached XP level 8. HP: 82/82 MP: 7/7
   350 | D        | Killed a slime creature
   354 | D        | Killed a troll
   355 | D        | Reached skill level 16 in Polearms
   362 | D        | Killed a kobold demonologist
   363 | D        | Reached XP level 9. HP: 63/92 MP: 8/8
   487 | D        | Noticed Harold
   497 | D        | Killed Harold
   498 | D        | Reached skill level 17 in Polearms
   620 | D        | Noticed a cane toad
   620 | D        | Noticed a cane toad
   621 | D        | Noticed a black mamba
   626 | D        | Killed a cane toad
   627 | D        | Reached skill level 18 in Polearms
   628 | D        | Noticed a cane toad
   632 | D        | Killed a cane toad
   645 | D        | Killed a black mamba
   646 | D        | Reached skill level 19 in Polearms
   671 | D        | Reached XP level 10. HP: 32/104 MP: 9/9
   679 | D        | HP: 4/104 [cane toad (12)]
   680 | D        | HP: 1/104 [cane toad (12)]
   681 | D        | Killed a cane toad
   948 | D        | Noticed a cane toad
   948 | D        | Noticed a catoblepas
   950 | D        | Noticed a cane toad
   952 | D        | Reached skill level 20 in Polearms
   967 | D        | Noticed a cane toad
   971 | D        | Reached skill level 15 in Fighting
   971 | D        | Reached skill level 15 in Armour
   971 | D        | Noticed a cane toad
   975 | D        | Killed a cane toad
   992 | D        | Killed a catoblepas
  1007 | D        | Killed a cane toad
  1007 | D        | HP: 6/159 [poisoned by a cane toad]
  1008 | D        | Succumbed to a cane toad's poison

Illustrated notes

Levels and vault maps discovered:
D:        linesprint [early_d, line_temple, items_1, d_10, items_2, lair_1,
          lair_end, items_3, orc_1, orc_end, items_4, d_15, swamp_1, shoals_1,
          snake_1, spider_1, d_20, vaults_1, items_5, swamp_end, shoals_end,
          snake_end, spider_end, vaults_end, d_27, items_6, zot_1, zot_end,
          crypt_end, forest_end, elf_end, slime_end, tomb_end, abyss_end,
          pan_hell_end]

Skill      XL: |  1  2  3  4  5  6  7  8  9 10 |
---------------+-------------------------------+-----
Polearms       | 4 6 8 11 12 15 16 19 20 | 20.9
Fighting       | 4 5 7 9 11 12 14 15 | 15.6
Armour         | 4 5 7 9 11 12 14 15 | 15.6
Shields        | |  3.6

Action                     |  1- 3 |  4- 6 |  7- 9 | 10-12 || total
---------------------------+-------+-------+-------+-------++-------
  Melee: Trident           |    36 |       |       |       ||    36
         Headbutt          |     4 |     2 |    18 |     7 ||    31
         Halberd           |       |    13 |    86 |    32 ||   131
    Use: Potion            |       |       |     8 |     5 ||    13
         Scroll            |       |       |     1 |       ||     1
   Stab: Petrified         |       |       |       |     5 ||     5
 Armour: Scale mail        |     9 |     5 |    30 |     9 ||    53
  Dodge: Dodged            |    13 |     7 |    36 |     8 ||    64
  Block: Buckler           |     6 |       |       |       ||     6
